 Dungeon Crawl Stone Soup version 0.29.0-4-gdea44cf6ec (webtiles) character file.

Game seed: 18428031411086568717

81 qw the Chopper (level 4, 0/28 HPs)
             Began as a Gargoyle Berserker on Sept 6, 2022.
             Was a Believer of Trog.
             Slain by a gnoll
             ... wielding a +0 whip
              (5 damage)
             ... on level 2 of the Dungeon.
             The game lasted 00:00:34 (1993 turns).

qw the Chopper (Gargoyle Berserker)                 Turns: 1993, Time: 00:00:35

Health: 0/28       AC:  6    Str: 22    XL:     4   Next: 40%
Magic:  4/4        EV: 11    Int:  8    God:    Trog [**....]
Gold:   64         SH:  5    Dex:  9    Spells: 3/3 levels left

rFire   . . .      SeeInvis .   Y - +0 hand axe
rCold   . . .      Faith    .   (no shield)
rNeg    + . .      Spirit   .   i - +0 leather armour
rPois   inf        Reflect  +   (no helmet)
rElec   +          Harm     .   (no cloak)
rCorr   .          Rampage  .   (no gloves)
Will    .....                   (no boots)
Stlth   +.........              h - amulet of reflection
HPRegen 0.09/turn               (no ring)
MPRegen 0.09/turn               (no ring)

@: on berserk cooldown, slowed, very slow
A: sickness immunity, AC +3, negative energy resistance 1, electricity
resistance, torment resistance 1, petrification resistance
a: Renounce Religion, Berserk, Trog's Hand


You were on level 2 of the Dungeon.
You worshipped Trog.
Trog was pleased with you.
You visited 1 branch of the dungeon, and saw 2 of its levels.

You collected 64 gold pieces.


Innate Abilities, Weirdness & Mutations

You are immune to sickness and miasma.
Your stone body is resilient. (AC +3)
You are immune to poison.
You resist negative energy. (rN+)
You are resistant to electric shocks. (rElec)
You are resistant to unholy torment.
You are immune to petrification.


   Skills:
 - Level 3.2 Fighting
 + Level 4.6 Axes
 - Level 2.1 Armour
 - Level 1.5 Dodging


You had 3 spell levels left.
You didn't know any spells.
Your spell library was empty.

Inventory:

Hand Weapons
 d - a +0 whip
 Y - a +0 hand axe (weapon)
Armour
 i - a +0 leather armour (worn)
Jewellery
 h - an amulet of reflection (around neck)
Scrolls
 a - a scroll of noise {unknown}
 b - a scroll of amnesia {unknown}
 j - a scroll of silence {unknown}
 k - a scroll of magic mapping {unknown}
Potions
 c - a potion of mutation {unknown}
 e - a potion of brilliance {unknown}
 f - 2 potions of curing {unknown}
 g - a potion of ambrosia {unknown}
 l - 2 potions of berserk rage {unknown}

Dungeon Overview and Level Annotations

Branches:
Dungeon (2/15)

Altars:


Message History

You block the gnoll's attack. The gnoll closely misses you.
You closely miss the gnoll.
The gnoll is severely wounded.
You barely miss the gnoll.
The gnoll is severely wounded.
The gnoll hits you from afar with a +0 halberd!
You slash the gnoll!
You kill the gnoll!
Trog accepts your kill.
The gnoll hits you from afar with a +0 halberd.
You are no longer berserk.
You are exhausted.
You feel yourself slow down. The gnoll hits you with a +0 halberd.
You hit the gnoll.
The gnoll is almost dead.
You hit the gnoll.
You kill the gnoll!
Trog accepts your kill.
You closely miss the gnoll. You hit the gnoll but do no damage.
The gnoll hits you but does no damage. You block the gnoll's attack.
You hit the gnoll.
The gnoll is heavily wounded.
You hit the gnoll. The gnoll closely misses you.
The gnoll barely misses you. x2
You block the gnoll's attack.
You barely miss the gnoll.
The gnoll is heavily wounded.
You hit the gnoll. The gnoll hits you with a +0 whip.
The gnoll barely misses you.
You hit the gnoll.
The gnoll is almost dead.
You hit the gnoll but do no damage. The gnoll hits you with a +0 whip.
The gnoll hits you but does no damage. The gnoll hits you with a +0 whip.
The gnoll barely misses you.
You hit the gnoll.
You kill the gnoll!
Trog accepts your kill.
You closely miss the gnoll. The gnoll barely misses you.
The gnoll hits you with a +0 whip.
You die...

##### ######### ...#
#........ #####
#####.####.#######
......#))........#
......)@.........# #####
......#g.........###....
..... #.................
.... #..........##.....
... #..........##.....
.. #.........#....... #
##.........#.######
...........#.#
###.##.#.###..######


You could see a gnoll.

Vanquished Creatures
  3 gnolls (D:2)
  2 adders (D:2)
  A worm (D:2)
  A dart slug (D:1)
  7 endoplasms
  2 giant cockroaches
  3 goblins
  3 hobgoblins
  6 jackals (D:1)
  2 quokkas
  2 ball pythons (D:1)
  A frilled lizard (D:1)
  2 kobolds (D:1)
35 creatures vanquished.

Notes
Turn   | Place    | Note
-------+----------+-------------------------------------------
     0 | D:1      | qw the Gargoyle Berserker began the quest for the Orb.
     0 | D:1      | Reached XP level 1. HP: 14/14 MP: 1/1
     0 | D:1      | 0 ||| qw: Version: 0.1-a-108-g9e35731
     0 | D:1      | 0 ||| qw: Game counter: 6265
     0 | D:1      | 0 ||| qw: Always use a shield: true
     0 | D:1      | 0 ||| qw: Do Orc after D:15 true
     0 | D:1      | 0 ||| qw: Do second Lair branch before Depths: true
     0 | D:1      | 0 ||| qw: Lair rune preference: random
     0 | D:1      | 0 ||| qw: Plans: Normal
     0 | D:1      | 0 ||| PLANNING D:1-11
    14 | D:1      | 14 ||| Stepping ~*~*~tactically~*~*~ (stealth).
    17 | D:1      | 17 ||| Stepping ~*~*~tactically~*~*~ (stealth).
   102 | D:1      | 102 ||| DROPPING +0 club.
   108 | D:1      | 108 ||| Stepping ~*~*~tactically~*~*~ (stealth).
   117 | D:1      | Reached skill level 3 in Axes
   118 | D:1      | 118 ||| Stepping ~*~*~tactically~*~*~ (stealth).
   120 | D:1      | 120 ||| Stepping ~*~*~tactically~*~*~ (stealth).
   129 | D:1      | Reached XP level 2. HP: 15/19 MP: 2/2
   285 | D:1      | 285 ||| Stepping ~*~*~tactically~*~*~ (stealth).
   633 | D:1      | 633 ||| Stepping ~*~*~tactically~*~*~ (stealth).
   643 | D:1      | 643 ||| Stepping ~*~*~tactically~*~*~ (stealth).
   644 | D:1      | 644 ||| Stepping ~*~*~tactically~*~*~ (stealth).
  1048 | D:1      | Reached ** piety under Trog
  1049 | D:1      | Reached XP level 3. HP: 21/23 MP: 3/3
  1136 | D:1      | 1136 ||| Stepping ~*~*~tactically~*~*~ (hiding).
  1137 | D:1      | 1137 ||| Stepping ~*~*~tactically~*~*~ (hiding).
  1330 | D:1      | 1330 ||| UPGRADING to +0 leather armour.
  1340 | D:1      | 1340 ||| DROPPING +0 animal skin.
  1341 | D:1      | 1341 ||| UPGRADING to amulet of reflection.
  1346 | D:1      | 1346 ||| READING scroll labelled XEJ LESOACE.
  1347 | D:1      | 1347 ||| READING scroll labelled YXAMINUROA.
  1406 | D:2      | Reached skill level 4 in Axes
  1417 | D:2      | 1417 ||| INVOKING Berserk.
  1605 | D:2      | 1605 ||| Stepping ~*~*~tactically~*~*~ (stealth).
  1664 | D:2      | 1664 ||| Stepping ~*~*~tactically~*~*~ (stealth).
  1667 | D:2      | 1667 ||| Stepping ~*~*~tactically~*~*~ (stealth).
  1671 | D:2      | Reached XP level 4. HP: 28/28 MP: 4/4
  1750 | D:2      | Found a faded altar of an unknown god.
  1976 | D:2      | 1976 ||| INVOKING Berserk.
  1992 | D:2      | HP: 6/28 [gnoll/+0 whip (3)]
  1993 | D:2      | Slain by a gnoll

Levels and vault maps discovered:
D:1:      matt_arrival_diagonals, layout_rooms, kennysheep_another_room,
          grunt_decor_cap, hangedman_decor_peaks_small, roderic_lattice_a
D:2:      layout_basic, hellmonk_ecumenical_altar_zigzags, serial_park_tiny_2

Skill      XL: |  1  2  3 |
---------------+----------+-----
Axes           | 3 4 |  4.6
Fighting       | |  3.2
Armour         | |  2.1
Dodging        | |  1.5

Action                   |  1- 3 |  4- 6 || total
-------------------------+-------+-------++-------
Melee: Hand axe          |    89 |    18 ||   107
       Punch             |     3 |       ||     3
Invok: Berserk           |     1 |     1 ||     2
  Use: Scroll            |     2 |       ||     2
Armor: Animal skin       |    22 |       ||    22
       Leather armour    |     7 |     3 ||    10
Dodge: Dodged            |    39 |     9 ||    48
Block: Other             |     4 |     4 ||     8

Table legend:
 A = Non-vault XP
 B = Vault XP
 C = Vault XP percentage of total XP
 D = Non-vault monster count
 E = Vault monster count
 F = Vault count percentage of total count
                 A         B        C        D         E       F
            +---------+---------+-------+---------+---------+-------
      Total |     130 |       0 |   0.0 |      35 |       0 |   0.0
            +---------+---------+-------+---------+---------+-------
        D:1 |      42 |       0 |   0.0 |      22 |       0 |   0.0
        D:2 |      88 |       0 |   0.0 |      13 |       0 |   0.0
            +---------+---------+-------+---------+---------+-------
